 Dungeon Crawl Stone Soup version 0.25-a0-167-g836c352ace (webtiles) character file.

Game seed: 10733935303085874951, levelgen mode: deterministic

72 Lanoc the Slasher (level 4, -3/46 HPs)
             Began as a Halfling Chaos Knight on Nov 25, 2019.
             Was a Plaything of Xom.
             Slain by a scorpion (5 damage)
             ... on level 3 of the Dungeon.
             The game lasted 00:03:13 (1466 turns).

Lanoc the Slasher (Halfling Chaos Knight)           Turns: 1466, Time: 00:03:14

Health: -3/46      AC: 22    Str: 10 (13) XL:     4   Next: 50%
Magic:  4/4        EV:  3    Int: 16 (17) God:    Xom [..*...]
Gold:   113        SH:  0    Dex: 12 (14) Spells: 3/3 levels left

rFire    + . .     SeeInvis .   a - +0 falchion (chaos)
rCold    + . .     Gourm    .   (shield restricted)
rNeg     + + +     Faith    .   (armour currently unavailable)
rPois    +         Spirit   .   (helmet currently unavailable)
rElec    +         Reflect  .   (cloak currently unavailable)
rCorr    +         Harm     .   (gloves currently unavailable)
MR       .....     NoTele   +   (boots currently unavailable)
Stlth    +.........             (no amulet)
HPRegen  0.15/turn              (no ring)
MPRegen  0.09/turn              (no ring)

@: brilliant, tree-form, resistant
A: small, clever 1, mutation resistance 1
a: Renounce Religion


You were on level 3 of the Dungeon.
You worshipped Xom.
You were a toy of Xom.
You were not hungry.
You were a tree.
You visited 1 branch of the dungeon, and saw 3 of its levels.

You collected 113 gold pieces.

Inventory:

Hand Weapons
 a - a +0 falchion of chaos (weapon)
Missiles
 e - 89 stones (quivered)
 n - 7 sling bullets
Armour
 b - a +2 leather armour (melded)
Scrolls
 d - 7 scrolls of identify {unknown}
 f - 3 scrolls of amnesia {unknown}
 g - 2 scrolls of teleportation {unknown}
 m - 2 scrolls of fog {unknown}
Potions
 j - a potion of degeneration
Comestibles
 c - 7 rations


   Skills:
 + Level 3.2 Fighting
 + Level 3.5 Long Blades
 + Level 3.1 Armour
 + Level 2.3 Dodging


You had 3 spell levels left.
You didn't know any spells.
Your spell library was empty.

Dungeon Overview and Level Annotations

Branches:
Dungeon (3/15)

Altars:
Trog


Innate Abilities, Weirdness & Mutations

You are small and have problems with some larger weapons.
You are somewhat resistant to further mutation.
Your mind is acute. (Int +2)


Message History

You feel clever.
You cannot move.
You cannot move.
You cannot move.
You cannot move.
You cannot move.
You cannot move.
You swing at nothing.
You cannot move.
You cannot move.
You swing at nothing.
You hit something.
Nothing appears to happen.
Something stings you but does no damage.
You swing at nothing.
Something stings you but does no damage.
You swing at nothing.
Something stings you.
* * * LOW HITPOINT WARNING * * *
Something stings you but does no damage.
You closely miss something. Something stings you.
You die...

.. ######.
#.....# #.....#
#.....#
#.....#####.
#..........#
#.♣##### #......#
#.######......#
#.........##..#..
#######
#.#####..........
#...)..
#.###...........#
#..####
#.....#..#.....##
#..####
#.##...........#
#..#...
#.......<....#)#
#..#.##


There were no monsters in sight!

Vanquished Creatures
  An adder (D:3)
  An ooze (D:2)
  3 dart slugs
  A leopard gecko (D:2)
  A ball python (D:1)
  6 bats
  A giant cockroach (D:2)
  5 goblins
  8 hobgoblins
  4 jackals (D:1)
  A quokka (D:2)
  4 frilled lizards
  6 kobolds
  8 rats
50 creatures vanquished.

Notes
Turn   | Place    | Note
-------+----------+-------------------------------------------
     0 | D:1      | Lanoc the Halfling Chaos Knight began the quest for the
                  | Orb.
     0 | D:1      | Reached XP level 1. HP: 15/15 MP: 1/1
   115 | D:1      | Reached XP level 2. HP: 19/20 MP: 2/2
   251 | D:1      | XOM: potion effect (brilliance)
   254 | D:1      | Reached XP level 3. HP: 25/25 MP: 3/3
   472 | D:1      | XOM: divination: detect creatures
   538 | D:2      | XOM: chaos upgrade
   617 | D:2      | XOM: harmless Conj miscast
   660 | D:2      | Found a bloodstained altar of Trog.
   668 | D:2      | XOM: harmless Chrm miscast
   937 | D:2      | Reached XP level 4. HP: 23/31 MP: 4/4
  1302 | D:3      | XOM: 1-stop teleportation journey
  1388 | D:3      | XOM: smoke on damage
  1458 | D:3      | HP: 2/46 [something (2)]
  1460 | D:3      | Gained mutation: Your mind is acute. (Int +2) [potion of
                  | mutation]
  1465 | D:3      | HP: 2/46 [something (2)]
  1466 | D:3      | Slain by a scorpion

Levels and vault maps discovered:
D:1:      minmay_arrival_cross, layout_loops_ring
D:2:      layout_basic, lemuel_crystal_altar, serial_glass, glass_columns_b,
          glass_columns_a, item_on_display_a, minmay_strange_pillars,
          minmay_strange_pillars, minivault_14
D:3:      layout_loops_cross, old_standard_altar, first_ration

Skill      XL: |  1  2  3  4 |
---------------+-------------+-----
Fighting       | 3 |  3.2
Dodging        | 2 |  2.3
Armour         | 3 |  3.1
Long Blades    | |  3.5

Action                   |  1- 3 |  4- 6 || total
-------------------------+-------+-------++-------
Melee: Falchion          |    83 |    47 ||   130
  Use: Potion            |       |     7 ||     7
 Stab: Confused          |     1 |       ||     1
       Sleeping          |     1 |     1 ||     2
  Eat: Chunk             |       |     2 ||     2
Armor: Leather armour    |    18 |    11 ||    29
       Skin              |       |     5 ||     5
Dodge: Dodged            |    58 |    24 ||    82
       Rpst.: Falchion   |    19 |     8 ||    27

Table legend:
 A = Non-vault XP
 B = Vault XP
 C = Vault XP percentage of total XP
 D = Non-vault monster count
 E = Vault monster count
 F = Vault count percentage of total count
                 A         B        C        D         E       F
            +---------+---------+-------+---------+---------+-------
      Total |     104 |       0 |   0.0 |      50 |       0 |   0.0
            +---------+---------+-------+---------+---------+-------
        D:1 |      32 |       0 |   0.0 |      17 |       0 |   0.0
        D:2 |      48 |       0 |   0.0 |      24 |       0 |   0.0
        D:3 |      24 |       0 |   0.0 |       9 |       0 |   0.0
            +---------+---------+-------+---------+---------+-------
